[Event "Late-Titled-Tuesday-Blitz-June-18-2024"]
[Site "Chess.com"]
[Date "2024.06.18"]
[Round "5"]
[White "Hirna2005"]
[Black "Boudicca64"]
[Result "1-0"]
[WhiteElo "2268"]
[BlackElo "1871"]
[TimeControl "180+1"]
[EndTime "14:56:40 PDT"]
[Termination "Hirna2005 won on time"]

1. e4 g6 2. d4 Bg7 3. Nc3 c5 4. Nge2 Qa5 5. g3 Nf6 6. Bg2 d6 7. O-O O-O 8. Bd2 a6 9. e5 dxe5 10. dxe5 Nfd7 11. e6 fxe6 12. Nf4 Ne5 13. Re1 Nbc6 14.
Ne4 Qb6 15. Bc3 Rd8 16. Qc1 Nd4 17. Ng5 h6 18. Bxd4 cxd4 19. Ngxe6 Bxe6 20. Nxe6 Qxe6 21. f4 Qb6 22. fxe5 d3+ 23. Qe3 Qxe3+ 24. Rxe3 d2 25. Rd1 Rac8 26. c3 Rc5 27. Bxb7 Rxe5 28. Rxe5 Bxe5 29. Bxa6 Bc7 30. Kf2 Rd6 31. Bc4+ Kg7 32. Ke2 Rc6 33. Bb3 e5 34. Rxd2 Kf6 35. Rd7 e4 36. Bd5 1-0

[Event "Late-Titled-Tuesday-Blitz-June-18-2024"]
[Site "Chess.com"]
[Date "2024.06.18"]
[Round "5"]
[White "fabianvivasz"]
[Black "N_I_Chess"]
[Result "1-0"]
[WhiteElo "2494"]
[BlackElo "2326"]
[TimeControl "180+1"]
[EndTime "14:56:43 PDT"]
[Termination "fabianvivasz won by checkmate"]

1. e4 Nf6 2. e5 Nd5 3. d4 d6 4. c4 Nb6 5. exd6 cxd6 6. Nc3 g6 7.
Be3 Bg7 8. Rc1 O-O 9. b3 Nc6 10.
d5 Nb8 11. Be2 e5 12. dxe6 Bxe6 13. Nf3 Nc6 14. Nd4 Nxd4 15. Bxd4 d5 16. c5 Nc8 17. O-O Ne7 18. Bf3 Rc8 19. b4 Qd7 20. Re1 Rfd8 21.
Bxg7 Kxg7 22. Qd4+ Kg8 23. Rcd1 Nf5 24. Qf6 Qe7 25.
Qe5 Qh4 26. Bxd5 Re8 27. Ne4 Rcd8 28. Nf6+ Kf8 29. Nxe8 Rxe8 30. Bxe6 Rxe6 31. Qh8+ Ke7 32. Qd8# 1-0

[Event "Late-Titled-Tuesday-Blitz-June-18-2024"]
[Site "Chess.com"]
[Date "2024.06.18"]
[Round "5"]
[White "OverallStranger"]
[Black "BilodeauA"]
[Result "0-1"]
[WhiteElo "2393"]
[BlackElo "3012"]
[TimeControl "180+1"]
[EndTime "14:56:44 PDT"]
[Termination "BilodeauA won by resignation"]

1. e4 e5 2. Nf3 Nc6 3. d4 exd4 4.
Nxd4 Qf6 5. Nf3 Bb4+ 6. c3 Bc5 7. Be2 Nge7 8. O-O d6 9. Nbd2 O-O 10. Nc4 a5 11.
Be3 Bxe3 12. Nxe3 Ne5 13. Qc2 Nxf3+ 14. Bxf3 Ng6 15. Nd5 Qd8 16. g3 Be6 17. Rad1 Re8 18. Bg2 a4 19. a3 c6 20. Ne3 Bb3 21. Qd3 Bxd1 22. Rxd1 Ne5 23. Qxd6 Qxd6 24. Rxd6 Rad8 25. Rxd8 Rxd8 26. f4 Nd3 27. Nc4 b5 28. Na5 Nxb2 29. Nxc6 Rd1+ 30. Bf1 Nc4 31. Nd4 Nd2 32. Kf2 Rxf1+ 33.
Ke2 Nb3 34. Kxf1 Nxd4 35. cxd4 b4 36. d5 bxa3 0-1

[Event "Late-Titled-Tuesday-Blitz-June-18-2024"]
[Site "Chess.com"]
[Date "2024.06.18"]
[Round "5"]
[White "duone"]
[Black "talaicito"]
[Result "1-0"]
[WhiteElo "2430"]
[BlackElo "2297"]
[TimeControl "180+1"]
[EndTime "14:56:46 PDT"]
[Termination "duone won on time"]

1. e4 c5 2. Nf3 d6 3. Bb5+ Bd7 4. Bxd7+ Qxd7 5. O-O Nc6 6. c3 Nf6 7. Re1 e5 8. d4 Be7 9. Na3 O-O 10. Nc2 Qc7 11. Ne3 Rfe8 12. Nf5 Bf8 13. Bg5 Nd7 14. h4 exd4 15. cxd4 cxd4 16. N3xd4 Nxd4 17. Qxd4 Qb6 18. Rad1 Qxd4 19. Rxd4 Nc5 20. f3 Ne6 21. Rd5 Nxg5 22. hxg5 Re6 23. Red1 Rc8 24. Nxd6 Bxd6 25. Rxd6 Kf8 26.
Rd8+ Rxd8 27. Rxd8+ Ke7 28. Rh8 g6 29. Rxh7 Rb6 30. b3 Ra6 31. Rh8 Rxa2 32. Rb8 b6 33. Rb7+ Ke6 34. Kh2 Rb2 35. Kg3 Rxb3 36. Rxa7 1-0

[Event "Late-Titled-Tuesday-Blitz-June-18-2024"]
[Site "Chess.com"]
[Date "2024.06.18"]
[Round "5"]
[White "MagnusCarlsen"]
[Black "GHANDEEVAM2003"]
[Result "1-0"]
[WhiteElo "3197"]
[BlackElo "2987"]
[TimeControl "180+1"]
[EndTime "14:56:47 PDT"]
[Termination "MagnusCarlsen won by resignation"]

1. Nf3 Nf6 2. g3 g6 3. Bg2 Bg7 4. O-O O-O 5. b3 d5 6. Bb2 c5 7. c4 d4 8. b4 Nc6 9. bxc5 Ne4 10. d3 Nxc5 11. Ba3 b6 12. Nbd2 Qc7 13. Bxc5 bxc5 14. Nb3 Qd6 15. Nfd2 f5 16. Na5 Nxa5 17. Bxa8 Nc6 18.
Rb1 Bd7 19. Bb7 e5 20. Qa4 Bh6 21. Nb3 Rb8 22. Bxc6 Bxc6 23. Qxa7 Bf8 24. Na5 Ra8 25. Qb6 Be8 26. Qxd6 Bxd6 27. Nb7 Be7 28. a4 Rxa4 29. Ra1 Rb4 30. Rfb1 Kf7 31. Rxb4 cxb4 32. Ra6 e4 33.
Nd6+ Bxd6 34. Rxd6 exd3 35. exd3 Ba4 36. Rb6 Bc2 37.
Rxb4 Ke6 38. c5 1-0

[Event "Late-Titled-Tuesday-Blitz-June-18-2024"]
[Site "Chess.com"]
[Date "2024.06.18"]
[Round "5"]
[White "patzer-reloaded"]
[Black "Andrey-Ivanov2011"]
[Result "1-0"]
[WhiteElo "2457"]
[BlackElo "2147"]
[TimeControl "180+1"]
[EndTime "14:56:52 PDT"]
[Termination "patzer-reloaded won by checkmate"]

1. d3 c5 2. Nf3 Nc6 3. g3 g6 4. Bg2 Bg7 5. O-O d6 6. c4 e5 7.
Nc3 Nge7 8. a3 O-O 9. Rb1 f5 10. Bg5 h6 11. Bxe7 Qxe7 12. Nd5 Qd8 13. b4 cxb4 14. axb4 Be6 15. b5 Bxd5 16. cxd5 Nb8 17.
e4 Nd7 18. exf5 gxf5 19. Nh4 Nc5 20. Bh3 Qg5 21. Qf3 f4 22. Rbd1 fxg3 23. Qxg3 Qxg3+ 24. hxg3 a6 25. b6 Na4 26. Be6+ Kh7 27. Nf5 Rfd8 28. Rc1 Kg6 29. Rc7 Bf6 30. Rxb7 Nc5 31. Ne7+ Bxe7 32.
Rxe7 Rab8 33. f4 Rxb6 34. f5+ Kf6 35. Rf7+ Kg5 36. f6 Re8 37. Rg7+ Kh5 38. Bg4# 1-0

[Event "Late-Titled-Tuesday-Blitz-June-18-2024"]
[Site "Chess.com"]
[Date "2024.06.18"]
[Round "5"]
[White "GlavkonVVS"]
[Black "Flawless_Fighter"]
[Result "0-1"]
[WhiteElo "2525"]
[BlackElo "2789"]
[TimeControl "180+1"]
[EndTime "14:56:56 PDT"]
[Termination "Flawless_Fighter won by resignation"]

1. c4 e6 2. Nc3 d5 3. d4 Nf6 4.
Nf3 c5 5. e3 cxd4 6. exd4 Bb4 7. Qa4+ Nc6 8. Ne5 O-O 9. Nxc6 Bxc3+ 10. bxc3 bxc6 11. Bd3 Bd7 12. c5 e5 13. O-O e4 14.
Be2 Qc7 15. Bg5 Bg4 16. Qd1 Bxe2 17. Qxe2 Nd7 18. Qa6 f6 19. Bh4 f5 20. Be7 Nb8 21. Bxf8 Nxa6 22. Bd6 Qd7 23. Rfb1 h6 24. Rb3 Rf8 25.
Rab1 Rf7 26. Ra3 Qc8 27. Ra5 Kh7 28. Rb3 f4 29. Rba3 e3 30. Rb3 f3 31. fxe3 f2+ 32.
Kf1 Qf5 33. c4 Qc2 0-1

[Event "Late-Titled-Tuesday-Blitz-June-18-2024"]
[Site "Chess.com"]
[Date "2024.06.18"]
[Round "5"]
[White "ChessSwole"]
[Black "JG1me"]
[Result "1-0"]
[WhiteElo "2733"]
[BlackElo "2547"]
[TimeControl "180+1"]
[EndTime "14:56:57 PDT"]
[Termination "ChessSwole won by resignation"]

1. e4 c6 2. Nf3 d5 3. d3 g6 4.
e5 Bg7 5. d4 c5 6. dxc5 Nc6 7.
Bb5 Bg4 8. O-O e6 9. Nbd2 Ne7 10. h3 Bxf3 11. Nxf3 O-O 12. Re1 Qc7 13. Bf4 Qa5 14. a4 a6 15. Bd2 Qc7 16. Bxc6 Nxc6 17. Bf4 Qa5 18. c3 Qxc5 19. Qd2 b5 20. Bh6 b4 21.
Rac1 b3 22. Nh2 Bxe5 23. Ng4 Bh8 24. Qf4 f5 25. Bxf8 Rxf8 26. Nh6+ Kg7 27. Rxe6 d4 28.
cxd4 Qxd4 29. Re7+ Kf6 30. Rxc6+ 1-0

[Event "Late-Titled-Tuesday-Blitz-June-18-2024"]
[Site "Chess.com"]
[Date "2024.06.18"]
[Round "5"]
[White "AleksandraMilovic"]
[Black "GMChessrob"]
[Result "0-1"]
[WhiteElo "2038"]
[BlackElo "2639"]
[TimeControl "180+1"]
[EndTime "14:56:58 PDT"]
[Termination "GMChessrob won by resignation"]

1. d4 d5 2. c4 e6 3. Nc3 Be7 4.
cxd5 exd5 5. Bf4 c6 6. e3 Bf5 7.
g4 Be6 8. Qb3 Qb6 9. f3 Qxb3 10.
axb3 Nd7 11. Bd3 g5 12. Bg3 h5 13. gxh5 Ngf6 14. Nge2 Nxh5 15. Kd2 Bb4 16. e4 dxe4 17. fxe4 Bxb3 18. h4 Nxg3 19. Nxg3 gxh4 20. Nf5 a5 21. Rxh4 Rxh4 22. Nxh4 O-O-O 23. Ke3 Rh8 24. Nf3 f6 25. Rg1 Rg8 26. Rxg8+ Bxg8 27. e5 fxe5 28. Nxe5 Nxe5 29. dxe5 Kd7 30. Bf5+ Be6 31. Ke4 Bxf5+ 32. Kxf5 Bxc3 33. bxc3 a4 34. Ke4 a3 35. Kd3 a2 36. Kc2 a1=Q 0-1

[Event "Late-Titled-Tuesday-Blitz-June-18-2024"]
[Site "Chess.com"]
[Date "2024.06.18"]
[Round "5"]
[White "Bryanl106"]
[Black "NajdorfPlayerc5"]
[Result "1-0"]
[WhiteElo "2735"]
[BlackElo "2448"]
[TimeControl "180+1"]
[EndTime "14:57:00 PDT"]
[Termination "Bryanl106 won on time"]

1. e4 e5 2. Nf3 Nf6 3. Nc3 Nc6 4. a3 d5 5. Bb5 Nxe4 6. Qe2 Qd6 7. Nxd5 Qxd5 8. c4 Qd6 9. Qxe4 Bd7 10. d4 Nxd4 11. Bxd7+ Qxd7 12. Nxe5 Qe6 13. Qxd4 Bd6 14. Bf4 f6 15.
O-O fxe5 16. Qe4 O-O 17. Be3 c6 18. Rad1 Bc7 19. f3 Rad8 20. b3 Rxd1 21. Rxd1 b6 22. h4 Rd8 23. Rxd8+ Bxd8 24. h5 Qd6 25. c5 Qd1+ 26. Kh2 Qd5 27. cxb6 Qxe4 28. fxe4 axb6 29. Kh3 Kf7 30. Kg4 g6 31. a4 Ke6 32. b4 Bc7 33. Kg5 Kf7 34. Kh6 gxh5 35. Kxh7 h4 36. Kh6 Bd8 37.
Bg5 Bxg5+ 38. Kxg5 Ke6 39. Kxh4 c5 40. bxc5 bxc5 41.
Kg3 Kd6 42. Kf2 Kc6 43. g4 Kb6 44. g5 Ka5 45. g6 Kxa4 46. g7 c4 47. g8=Q Kb3 48.
Ke3 Kb4 49. Qb8+ Kc3 50. Qxe5+ 1-0

[Event "Late-Titled-Tuesday-Blitz-June-18-2024"]
[Site "Chess.com"]
[Date "2024.06.18"]
[Round "5"]
[White "santosalberto1987"]
[Black "Hakiki_satranc"]
[Result "1-0"]
[WhiteElo "2568"]
[BlackElo "2434"]
[TimeControl "180+1"]
[EndTime "14:57:00 PDT"]
[Termination "santosalberto1987 won on time"]

1. e4 e5 2. Nf3 Nf6 3. d4 Nxe4 4. Nxe5 d5 5. Bd3 Bb4+ 6. c3 Bd6 7. O-O O-O 8. Nd2 Nxd2 9. Bxd2 Nc6 10. f4 Ne7 11.
Qh5 g6 12. Qf3 Bf5 13. Bxf5 Nxf5 14. Qxd5 Bxe5 15. Qxd8 Raxd8 16. fxe5 c5 17. g4 Ng7 18. Bg5 Rd7 19. dxc5 Ne6 20. Bh6 Rc8 21. b4 b6 22.
cxb6 axb6 23. Rad1 Rxd1 24. Rxd1 Rxc3 25. Rd6 Rc8 26.
Rxb6 Nd4 27. a4 f5 28. exf6 Rc2 29. Rb7 Nf3+ 30. Kf1 Ne5 31. Rg7+ 1-0

[Event "Late-Titled-Tuesday-Blitz-June-18-2024"]
[Site "Chess.com"]
[Date "2024.06.18"]
[Round "5"]
[White "kleber2007"]
[Black "Mikayel99"]
[Result "0-1"]
[WhiteElo "2479"]
[BlackElo "2665"]
[TimeControl "180+1"]
[EndTime "14:57:01 PDT"]
[Termination "Mikayel99 won by checkmate"]

1. Nf3 g6 2. d4 Bg7 3. e4 d6 4. c3 Nf6 5. Bd3 O-O 6. O-O Nbd7 7. Bg5 h6 8. Bh4 g5 9. Bg3 Nh5 10.
Nbd2 Nxg3 11. hxg3 e5 12. dxe5 dxe5 13. Qc2 Nc5 14.
Bc4 Bg4 15. b4 Ne6 16. Rfd1 Qe7 17. Nf1 Qf6 18. Ne3 Bxf3 19. gxf3 Qxf3 20. Nf5 Qh5 21. Rd7 Rae8 22. Kg2 Qg4 23. Qd1 Qxe4+ 24. Qf3 Qxc4 25. Rad1 g4 26. Qxb7 c6 27. Nd6 Qxc3 28. Nxe8 Qf3+ 29.
Kg1 Rxe8 30. R7d3 Qe4 31. Re3 Qc2 32. Rde1 Ng5 33. R1e2 Nf3+ 34. Rxf3 Qd1+ 35. Kg2 gxf3+ 36. Kxf3 e4+ 37. Ke3 Qd3+ 38. Kf4 Qf3# 0-1

[Event "Late-Titled-Tuesday-Blitz-June-18-2024"]
[Site "Chess.com"]
[Date "2024.06.18"]
[Round "5"]
[White "BirdMaster3000"]
[Black "yobdc"]
[Result "0-1"]
[WhiteElo "2774"]
[BlackElo "2575"]
[TimeControl "180+1"]
[EndTime "14:57:05 PDT"]
[Termination "yobdc won by resignation"]

1. f4 Nf6 2. Nf3 g6 3. c4 Bg7 4. Nc3 d6 5. e4 O-O 6. d4 c5 7. dxc5 Qa5 8. Bd3 Qxc5 9. Qe2 Bg4 10. Be3 Qa5 11. O-O Nc6 12. a3 Rac8 13. h3 Bxf3 14. Rxf3 Nd7 15. Nd5 e6 16. Nc3 Nd4 17. Bxd4 Bxd4+ 18. Kh1 Bxc3 19. bxc3 Qxc3 20. Raf1 Qd4 21. Rg3 Nc5 22.
Bb1 Na4 23. f5 Nc3 24. Qb2 Qxc4 25. Rc1 Na4 26. Rxc4 Nxb2 27. Rxc8 Rxc8 28. fxe6 fxe6 29. Ba2 Nc4 30. Rd3 Kf8 31. Rd4 b5 32. a4 a6 33.
axb5 axb5 34. Bxc4 bxc4 35. Rxd6 c3 36. Rd1 c2 37.
Rc1 Ke7 38. Kg1 Kf6 39. Kf2 Ke5 40. Ke3 g5 41. Kd3 h5 42. g3 h4 43. gxh4 gxh4 44.
Ke3 Rc3+ 45. Kd2 Kd4 46. e5 Rc5 47. Rg1 c1=Q+ 48. Rxc1 Rxc1 49. Kxc1 Kxe5 50. Kd2 Kf4 51. Ke2 Kg3 0-1

[Event "Late-Titled-Tuesday-Blitz-June-18-2024"]
[Site "Chess.com"]
[Date "2024.06.18"]
[Round "5"]
[White "crazycheesecake"]
[Black "Roedor"]
[Result "0-1"]
[WhiteElo "2119"]
[BlackElo "2461"]
[TimeControl "180+1"]
[EndTime "14:57:05 PDT"]
[Termination "Roedor won by checkmate"]

1. e4 e5 2. Nf3 Nc6 3. d4 exd4 4. Nxd4 Nf6 5. Nc3 Bb4 6. Nxc6 bxc6 7. Bd3 d5 8. exd5 cxd5 9. O-O O-O 10. Bg5 c6 11. Qf3 Be6 12. h3 h6 13. Bxf6 Qxf6 14. Qxf6 gxf6 15.
Ne2 Bd6 16. c3 c5 17. Ng3 Rab8 18. b3 Be5 19. Rac1 c4 20. bxc4 dxc4 21. Bb1 Rb2 22. Ne4 Rfb8 23. f4 Bc7 24. Nxf6+ Kg7 25. Nh5+ Kf8 26. Nf6 Bd8 27. Ne4 Bd5 28. a3 f5 29.
Nf2 Bb6 30. Bxf5 Kf7 31. Rb1 Bxf2+ 32. Rxf2 Rxb1+ 33. Kh2 R1b2 34. Rf1 Rxg2+ 35. Kh1 Rg7+ 36. Kh2 Rb2+ 37. Rf2 Rxf2# 0-1

[Event "Late-Titled-Tuesday-Blitz-June-18-2024"]
[Site "Chess.com"]
[Date "2024.06.18"]
[Round "5"]
[White "Giantgoogachess"]
[Black "GMG"]
[Result "0-1"]
[WhiteElo "2493"]
[BlackElo "2682"]
[TimeControl "180+1"]
[EndTime "14:57:08 PDT"]
[Termination "GMG won by resignation"]

1. d4 d5 2. c4 e6 3. Nc3 Nf6 4. cxd5 exd5 5. Bg5 Bb4 6. e3 h6 7. Bxf6 Qxf6 8. a3 Bxc3+ 9. bxc3 c5 10. Bd3 O-O 11.
Ne2 c4 12. Bc2 Bf5 13. O-O Re8 14. Rb1 Re7 15. Nf4 Bxc2 16. Qxc2 Qc6 17. Qf5 Rd7 18.
Rb2 g6 19. Qg4 Na6 20. Rfb1 Rad8 21. h4 b6 22. h5 g5 23. Ne2 Qe6 24. Qf3 f5 25. a4 Nc7 26. a5 b5 27. Ng3 Rf8 28. Re2 a6 29. Rbe1 Ne8 30. Rb2 Nd6 31. Qd1 Ne4 32.
Nxe4 fxe4 33. Rf1 Rdf7 34. Re2 Rf3 35. Kh2 Qg4 36. Rd2 Qxh5+ 37. Kg1 g4 38. Rc2 R8f5 39.
Rd2 Qh4 40. Rc2 Rh5 0-1

[Event "Late-Titled-Tuesday-Blitz-June-18-2024"]
[Site "Chess.com"]
[Date "2024.06.18"]
[Round "5"]
[White "olakenn"]
[Black "picturesquecheck"]
[Result "0-1"]
[WhiteElo "1876"]
[BlackElo "2377"]
[TimeControl "180+1"]
[EndTime "14:57:08 PDT"]
[Termination "picturesquecheck won by resignation"]

1. e4 e6 2. d4 d5 3. exd5 exd5 4.
Nf3 Nf6 5. Be2 Be7 6. O-O O-O 7. c3 c5 8. dxc5 Bxc5 9. Bg5 Be6 10. Nbd2 h6 11. Bh4 Nc6 12. Nb3 Be7 13. Nbd4 Bd7 14.
Nxc6 bxc6 15. Re1 Re8 16. Rc1 Qb6 17. b3 Ne4 18. Bxe7 Qxf2+ 19. Kh1 Rxe7 20. Bd3 Bg4 21. Bxe4 dxe4 22. Qd4 Qxd4 23. Nxd4 Bd7 24. Re3 c5 25. Ne2 Bg4 26. h3 Bf5 27. Re1 Rd8 28. Ng3 Rd5 29. Nxe4 Rde5 30. b4 cxb4 31. cxb4 Bxe4 32. Kg1 f5 33. g4 g6 34. h4 Kg7 35. h5 fxg4 36.
hxg6 Kxg6 37. Kf2 h5 38. Kg3 Kg5 39. b5 h4+ 40. Kf2 g3+ 41. Kg1 Kg4 42. a4 h3 43.
a5 h2+ 0-1

[Event "Late-Titled-Tuesday-Blitz-June-18-2024"]
[Site "Chess.com"]
[Date "2024.06.18"]
[Round "5"]
[White "hblanco"]
[Black "Dexter_Dyke"]
[Result "1-0"]
[WhiteElo "2697"]
[BlackElo "2506"]
[TimeControl "180+1"]
[EndTime "14:57:09 PDT"]
[Termination "hblanco won on time"]

1. e4 e6 2. d4 a6 3. Bd3 b5 4. Nf3 Bb7 5. O-O c5 6. c3 Nf6 7. Re1 Qb6 8. Bf4 Nc6 9. Bf1 d5 10. e5 Ne4 11. Nbd2 Be7 12. Nxe4 dxe4 13. Nd2 cxd4 14. Nxe4 O-O 15. Qg4 Kh8 16. Bd3 f5 17. exf6 Bxf6 18. Nxf6 Rxf6 19. Rxe6 Rxe6 20. Qxe6 Qc5 21.
Re1 Rf8 22. Bd6 Bc8 23. Bxc5 Bxe6 24. Bxf8 dxc3 25. bxc3 Bxa2 26. Re8 Kg8 27. Rc8 Ne5 28. Bd6+ Kf7 29. Bxe5 Ke6 30. Bxg7 1-0

[Event "Late-Titled-Tuesday-Blitz-June-18-2024"]
[Site "Chess.com"]
[Date "2024.06.18"]
[Round "5"]
[White "Chigorinetz"]
[Black "cthulhuuu"]
[Result "1-0"]
[WhiteElo "2616"]
[BlackElo "2392"]
[TimeControl "180+1"]
[EndTime "14:57:09 PDT"]
[Termination "Chigorinetz won on time"]

1. e4 d6 2. Nc3 Nf6 3. f4 c6 4. Nf3 Bg4 5. d4 e6 6. h3 Bxf3 7.
Qxf3 d5 8. e5 Nfd7 9. f5 exf5 10. Qxf5 g6 11. Qg5 Be7 12. Qh6 Bf8 13. Qf4 Bg7 14.
Bd3 Nf8 15. O-O Qe7 16. Qg4 Ne6 17. Ne2 O-O 18. Be3 Nd7 19. Rae1 c5 20. c3 cxd4 21.
cxd4 f6 22. Nf4 Nxf4 23. Bxf4 fxe5 24. dxe5 Nxe5 25. Bxe5 Rxf1+ 26. Bxf1 Bxe5 27. Kh1 Qf6 28. Bd3 Rf8 29. Be2 Qf2 30. Qe6+ Rf7 31. Rf1 Bg3 32. Rxf2 Bxf2 33. Bf3 Kg7 34. Bxd5 Rf8 35. Qe7+ 1-0

[Event "Late-Titled-Tuesday-Blitz-June-18-2024"]
[Site "Chess.com"]
[Date "2024.06.18"]
[Round "5"]
[White "AldokhinIvan"]
[Black "XDPS"]
[Result "1-0"]
[WhiteElo "2654"]
[BlackElo "2881"]
[TimeControl "180+1"]
[EndTime "14:57:10 PDT"]
[Termination "AldokhinIvan won by checkmate"]

1. e4 c5 2. Nf3 e6 3. d4 cxd4 4. Nxd4 a6 5. Nc3 Qc7 6. Bd3 d6 7. Qe2 Nd7 8. Bd2 Ngf6 9. O-O b6 10. f4 Bb7 11. Rae1 Be7 12. g4 Nc5 13. g5 Nfd7 14.
f5 Ne5 15. fxe6 fxe6 16. b4 Ncxd3 17. Nxe6 Qc4 18. Nxg7+ Kd7 19. cxd3 Qxd3 20. Nf5 Qxe2 21. Rxe2 Rhg8 22. Nxe7 Kxe7 23. Nd5+ Bxd5 24. exd5 Kd7 25. Bf4 Nd3 26. Bg3 Nxb4 27. Rf7+ Kd8 28. Re6 Rc8 29.
Rxh7 Nd3 30. Rxd6+ Ke8 31. Re6+ Kd8 32. g6 Rc1+ 33. Kg2 Rc5 34. Rd6+ Ke8 35. Ra7 Rc8 36. Re6+ Kf8 37. Rf7# 1-0

[Event "Late-Titled-Tuesday-Blitz-June-18-2024"]
[Site "Chess.com"]
[Date "2024.06.18"]
[Round "5"]
[White "sergiochess83"]
[Black "ozates"]
[Result "1-0"]
[WhiteElo "2865"]
[BlackElo "2632"]
[TimeControl "180+1"]
[EndTime "14:57:11 PDT"]
[Termination "sergiochess83 won by resignation"]

1. d4 d5 2. c4 c6 3. Nf3 Nf6 4. Nc3 e6 5. Bg5 Nbd7 6. e3 Qa5 7. cxd5 Nxd5 8. Qd2 Bb4 9. Rc1 Nxc3 10. bxc3 Ba3 11. Rb1 O-O 12. Bd3 Re8 13. Bf4 b6 14. O-O Ba6 15. e4 Bxd3 16. Qxd3 Bf8 17. e5 Rad8 18.
Ng5 g6 19. Qh3 h6 20. Ne4 Qd5 21. Rfe1 h5 22. Re3 Qxa2 23. Rbe1 c5 24. g4 cxd4 25. cxd4 hxg4 26. Qxg4 Bg7 27. Qh4 Qd5 28. Bg5 Qxd4 29. Bxd8 Nxe5 30. Bf6 Qd5 31. Rh3 1-0

[Event "Late-Titled-Tuesday-Blitz-June-18-2024"]
[Site "Chess.com"]
[Date "2024.06.18"]
[Round "5"]
[White "Javokhir_Sindarov05"]
[Black "baki83"]
[Result "0-1"]
[WhiteElo "3050"]
[BlackElo "2828"]
[TimeControl "180+1"]
[EndTime "14:57:12 PDT"]
[Termination "baki83 won by resignation"]

1. e4 c5 2. Nf3 d6 3. d4 cxd4 4.
Nxd4 Nf6 5. Bd3 Nc6 6. Be3 e6 7. c4 Ne5 8. Nc3 Nxd3+ 9. Qxd3 Be7 10. O-O a6 11. Rad1 Qc7 12. h3 O-O 13. g4 b6 14. f4 Bb7 15. f5 d5 16. Bf4 e5 17. g5 dxe4 18. Qd2 exf4 19. gxf6 Bxf6 20. Qxf4 Qc5 21. Qe3 Rad8 22. Nc2 Rd3 23. Qxc5 bxc5 24. Na4 Rfd8 25. Rde1 Rg3+ 26. Kf2 Bh4 27. Re2 e3+ 0-1

[Event "Late-Titled-Tuesday-Blitz-June-18-2024"]
[Site "Chess.com"]
[Date "2024.06.18"]
[Round "5"]
[White "AlbusSevresPotter"]
[Black "scrambleyourbrain"]
[Result "1-0"]
[WhiteElo "2617"]
[BlackElo "2398"]
[TimeControl "180+1"]
[EndTime "14:57:12 PDT"]
[Termination "AlbusSevresPotter won by checkmate"]

1. e4 e5 2. Nf3 Nc6 3. Bb5 a6 4. Ba4 Nf6 5. O-O Be7 6. Re1 b5 7. Bb3 d6 8. c3 O-O 9. h3 Na5 10. Bc2 c5 11. d4 Qc7 12. d5 Nd7 13. b3 Nb6 14. Nbd2 c4 15. b4 Nb7 16. a3 a5 17. Nf1 axb4 18. cxb4 f5 19. exf5 Bxf5 20. Bxf5 Rxf5 21. Ng3 Rf7 22. Ne4 h6 23. Be3 Na4 24. Qc2 Raf8 25. Nfd2 Qd7 26. Rac1 Nd8 27. f3 Qb7 28.
Nxc4 bxc4 29. Qxa4 Qxd5 30. Red1 Qe6 31. Qa6 Qg6 32. Qxc4 Ne6 33. Kh2 Kh8 34. Nxd6 Rxf3 35. gxf3 Rxf3 36. Rg1 Qf6 37. Qc8+ Kh7 38. Qc2+ Kh8 39. Qe4 Bxd6 40. Rc8+ Nf8 41. Rg6 Qf7 42. Rxd6 Rf1 43. Rdd8 Qa2+ 44. Qg2 Qxg2+ 45. Kxg2 Re1 46. Rxf8+ Kh7 47. Kf2 Ra1 48. h4 Rxa3 49. h5 Ra2+ 50. Kf3 g5 51. Rf7# 1-0

[Event "Late-Titled-Tuesday-Blitz-June-18-2024"]
[Site "Chess.com"]
[Date "2024.06.18"]
[Round "5"]
[White "shirovin"]
[Black "Inepton_Fermion"]
[Result "0-1"]
[WhiteElo "2110"]
[BlackElo "2403"]
[TimeControl "180+1"]
[EndTime "14:57:13 PDT"]
[Termination "Inepton_Fermion won on time"]

1. e4 c5 2. Nf3 d6 3. d4 cxd4 4.
Nxd4 Nf6 5. Nc3 a6 6. Bg5 e6 7. f4 Be7 8. Qf3 Nbd7 9. O-O-O Qc7 10. g4 b5 11. Bxf6 Nxf6 12. g5 Nd7 13. f5 Bxg5+ 14.
Kb1 Ne5 15. Qh3 O-O 16. Rg1 Bf6 17. Be2 b4 18. Na4 Bd7 19. b3 Bxa4 20. bxa4 Nc6 21. Nxc6 Qxc6 22. fxe6 fxe6 23. Qxe6+ Kh8 24. Qb3 Qxe4 25.
Bf3 Qe5 26. c3 Qf5+ 0-1

[Event "Late-Titled-Tuesday-Blitz-June-18-2024"]
[Site "Chess.com"]
[Date "2024.06.18"]
[Round "5"]
[White "djano"]
[Black "Andrii_Prydun"]
[Result "0-1"]
[WhiteElo "2576"]
[BlackElo "2373"]
[TimeControl "180+1"]
[EndTime "14:57:14 PDT"]
[Termination "Andrii_Prydun won by checkmate"]

1. e4 c5 2. Nc3 d6 3. f4 g6 4. Nf3 Bg7 5. Bc4 Nc6 6. O-O Nf6 7. d3 Nd4 8. f5 gxf5 9. Nxd4 cxd4 10. Ne2 d5 11. exd5 Nxd5 12. Ng3 e6 13. Nh5 Be5 14. Qf3 Nf6 15. Ng7+ Ke7 16. Bg5 Rg8 17. Bxf6+ Bxf6 18. Nh5 Rg6 19. Rae1 Kf8 20. Nf4 Rh6 21. Nxe6+ fxe6 22. Bxe6 Qd6 23. Bxf5 Qxh2+ 24. Kf2 Bh4+ 25. Ke2 Rf6 26. Qd5 Bxf5 27. Rxf5 Re8+ 28. Kd2 Bxe1+ 29. Kd1 Qh6 30. Qd6+ Kf7 31. Qd5+ Re6 32. Qd7+ Re7 33. Qd5+ Re6 34.
Qd7+ Kg6 35. Rf3 Qd2# 0-1

[Event "Late-Titled-Tuesday-Blitz-June-18-2024"]
[Site "Chess.com"]
[Date "2024.06.18"]
[Round "5"]
[White "WilsonPalencia21"]
[Black "Aygehovit1992"]
[Result "1-0"]
[WhiteElo "2603"]
[BlackElo "2782"]
[TimeControl "180+1"]
[EndTime "14:57:15 PDT"]
[Termination "WilsonPalencia21 won by resignation"]

1. d4 Nf6 2. c4 e6 3. Nf3 Bb4+ 4. Nbd2 b6 5. a3 Bxd2+ 6. Qxd2 Bb7 7. e3 O-O 8. b3 d6 9. Bb2 Nbd7 10. Be2 Ne4 11. Qc2 f5 12. O-O g5 13. d5 e5 14. Ne1 g4 15. f3 gxf3 16. gxf3 Ng5 17. f4 Nh3+ 18. Kh1 Qh4 19. Nf3 Nf2+ 20. Rxf2 Qxf2 21.
Rg1+ Kh8 22. fxe5 Qxe3 23. exd6+ Nf6 24. Qxf5 Qh6 25. Ne5 Rae8 26. Ng4 Qg6 27. Bxf6+ Rxf6 28. Qxf6+ Qxf6 29. Nxf6 1-0

[Event "Late-Titled-Tuesday-Blitz-June-18-2024"]
[Site "Chess.com"]
[Date "2024.06.18"]
[Round "5"]
[White "RantomOpening"]
[Black "RichardShtivelband"]
[Result "1-0"]
[WhiteElo "2612"]
[BlackElo "2385"]
[TimeControl "180+1"]
[EndTime "14:57:15 PDT"]
[Termination "RantomOpening won by resignation"]

1. d4 Nf6 2. Nf3 e6 3. e3 c5 4. Be2 Nc6 5. O-O Be7 6. b3 cxd4 7. exd4 b6 8. Bb2 Bb7 9. Nbd2 O-O 10. c4 d6 11. Re1 a6 12. Nf1 Rc8 13. Ng3 Rc7 14. a3 Qa8 15. Qd2 Rd8 16. Rac1 Na5 17.
Qe3 d5 18. c5 Qa7 19. b4 Nc4 20. Bxc4 dxc4 21. Rxc4 b5 22. Rcc1 Qa8 23. Rcd1 Bxf3 24.
Qxf3 Qxf3 25. gxf3 Nd5 26. Ne4 a5 27. Nc3 axb4 28.
Nxd5 Rxd5 29. axb4 Bf6 30. Ra1 h5 31. Ra5 Rb7 32.
Rc1 Bxd4 33. Bxd4 Rxd4 34. c6 Rc7 35. Rxb5 Kf8 36. Rb7 Rc8 37. c7 Ke7 38. b5 Kd7 39. b6 e5 40. Rb8 Rb4 41. Rd1+ Rd4 42. Rxd4+ exd4 43. b7 Rxc7 44. Rd8+ Kxd8 45. b8=Q+ Kd7 46.
Qb5+ Ke7 47. Qe5+ Kd7 48. Qxd4+ 1-0

[Event "Late-Titled-Tuesday-Blitz-June-18-2024"]
[Site "Chess.com"]
[Date "2024.06.18"]
[Round "5"]
[White "KorolDimitriy75"]
[Black "szefru"]
[Result "0-1"]
[WhiteElo "2469"]
[BlackElo "2341"]
[TimeControl "180+1"]
[EndTime "14:57:16 PDT"]
[Termination "szefru won on time"]

1. d4 Nf6 2. c4 g6 3. Nc3 Bg7 4.
e4 d6 5. Nf3 O-O 6. Be2 e5 7.
dxe5 dxe5 8. Qxd8 Rxd8 9. Bg5 Re8 10. O-O-O Nc6 11. Nb5 Nxe4 12. Nxc7 Bf5 13. Be3 Nb4 14.
Nxe8 Rxe8 15. a3 Na2+ 16. Kb1 Nac3+ 17. bxc3 Nxc3+ 18. Kb2 Nxe2 19. Rhe1 e4+ 20. Nd4 Nxd4 21. Bxd4 Rc8 22. Bxg7 Kxg7 23. Rd4 h5 24. a4 b6 25.
Kc3 Rc5 26. Ra1 Re5 27. Rd5 Re7 28. a5 Be6 29. Re5 f5 30. axb6 axb6 31. Ra6 Kf6 32. Rb5 Kg5 33. Rbxb6 Bf7 34. c5 f4 35. c6 Be6 36.
Rb7 Re8 37. Raa7 Bd5 0-1